 Dungeon Crawl Stone Soup version 0.30.0-29-ga12c61a403 (webtiles) character file.

Game seed: 2294993083922299134

65 qw the Chopper (level 4, -4/28 HPs)
             Began as a Gargoyle Fighter on June 3, 2023.
             Slain by an orc
             ... wielding a +2 heavy war axe
              (9 damage)
             ... on level 3 of the Dungeon.
             The game lasted 00:00:44 (1721 turns).

qw the Chopper (Gargoyle Fighter)                   Turns: 1721, Time: 00:00:45

Health: -4/28      AC: 10    Str: 21    XL:     4   Next: 14%
Magic:  4/4        EV: 11    Int:  9    God:
Gold:   19         SH: 11    Dex:  9    Spells: 3/3 levels left

rFire   . . .        Y - +0 war axe
rCold   . . .        e - +0 tower shield
rNeg    + . .        b - +0 scale mail
rPois   inf          (no helmet)
rElec   +            j - scarf {repulsion}
rCorr   .            (no gloves)
SInv    .            (no boots)
Will    .....        l - amulet of faith Stlth
                     k - +5 ring of evasion
HPRegen 0.24/turn    (no ring)
MPRegen 0.09/turn

%: repel missiles, faith
@: about to teleport
A: sickness immunity, AC +3, negative energy resistance 1, electricity
resistance, torment resistance 1, petrification resistance
a: no special abilities


You were on level 3 of the Dungeon.
You visited 1 branch of the dungeon, and saw 3 of its levels.

You collected 73 gold pieces.
You spent 54 gold pieces at shops.


Innate Abilities, Weirdness & Mutations

You are immune to sickness and miasma.
Your stone body is resilient. (AC +3)
You are immune to poison.
You resist negative energy. (rN+)
You are resistant to electric shocks. (rElec)
You are resistant to unholy torment.
You are immune to petrification.


   Skills:
 - Level 3.2 Fighting
 - Level 3.7 Axes
 - Level 3.2 Armour
 + Level 3.6 Shields


You had 3 spell levels left.
You didn't know any spells.
Your spell library was empty.

Inventory:

Hand Weapons
 h - a +0 club
 Y - a +0 war axe (weapon)
Armour
 b - a +0 scale mail (worn)
 e - a +0 tower shield (worn)
 f - a +0 chain mail
 j - a scarf of repulsion (worn)
Jewellery
 k - a +5 ring of evasion (left hand)
 l - an amulet of faith (around neck)
Scrolls
 a - 3 scrolls of identify
 g - 2 scrolls of teleportation
Potions
 c - a potion of flight {unknown}
 d - 2 potions of might
 i - a potion of attraction

Dungeon Overview and Level Annotations

Branches:
Dungeon (3/15)

Altars:

Shops:
D:3 [=(


Message History

Enter note:
Enter note:
Enter note:
Enter note:
Enter note: A bat comes into view.
An orc comes into view.
It is wielding a +1 short sword of holy wrath.
Enter note:
Enter note:
Enter note:
Enter note: You closely miss the orc.
You closely miss the kobold. The orc hits you with a +0 whip.
An orc comes into view. It is wielding a +0 hand axe.
The kobold hits you with a +0 short sword.
You block the kobold's attack. You block the orc's attack.
The orc moves out of view.
You barely miss the orc. You hit the kobold but do no damage.
You slash the orc!
You kill the orc!
The orc hits you with a +2 heavy war axe!
You block the kobold's attack. The bat hits you.
You completely miss the orc. You slash the kobold!
You kill the kobold!
You closely miss the bat. You block the bat's attack. The bat misses you.
You closely miss the orc.
The orc shouts!
You hit the orc. The bat hits you but does no damage.
A goblin comes into view. It is wielding a +0 dagger.
The orc closely misses you.
The orc hits you with a +2 heavy war axe!
The bat hits you but does no damage. You block the orc's attack.
The goblin moves out of view.
1721 ||| READING 3 scrolls of teleportation.
As you read the scroll of teleportation, it crumbles to dust.
You feel strangely unstable. You block the bat's attack.
The orc hits you with a +2 heavy war axe!
You die...

.. #.
#####.#########..
.....o............
..................
..................
......)oo......!..
#....@..........
#..b.........###
#...............
#...............
#...............
#.....\.........
#......)........ .
#.......######## #
#.......# #


You could see 3 orcs and a bat.

Vanquished Creatures
  An adder (D:2)
  2 worms (D:2)
  3 dart slugs
  2 orcs (D:3)
  3 endoplasms
  3 giant cockroaches
  3 goblins
  5 hobgoblins
  2 jackals (D:1)
  2 kobolds
  A quokka (D:1)
  3 ball pythons
  5 bats
  A frilled lizard (D:2)
  4 rats
40 creatures vanquished.

Notes
Turn   | Place    | Note
-------+----------+-------------------------------------------
     0 | D:1      | qw the Gargoyle Fighter began the quest for the Orb.
     0 | D:1      | Reached XP level 1. HP: 14/14 MP: 1/1
     0 | D:1      | 0 ||| qw: Version: 0.2-a-103-g5a998e5
     0 | D:1      | 0 ||| qw: Game counter: 1081
     0 | D:1      | 0 ||| qw: Always use a shield: true
     0 | D:1      | 0 ||| qw: God list: Okawaru
     0 | D:1      | 0 ||| qw: Allow faded altars: false
     0 | D:1      | 0 ||| qw: Do Orc after D:15 true
     0 | D:1      | 0 ||| qw: Do second Lair branch before Depths: true
     0 | D:1      | 0 ||| qw: Lair rune preference: random
     0 | D:1      | 0 ||| qw: Plans: Normal, Zot:1-4, Slime:5, God:TSO, Crypt,
                  | Tomb, Pan, Hells, Abyss, Win
     0 | D:1      | 0 ||| PLANNING D:1-11
    40 | D:1      | 40 ||| Stepping ~*~*~tactically~*~*~ (stealth).
    42 | D:1      | 42 ||| Stepping ~*~*~tactically~*~*~ (stealth).
    74 | D:1      | 74 ||| Stepping ~*~*~tactically~*~*~ (stealth).
    75 | D:1      | 75 ||| Stepping ~*~*~tactically~*~*~ (stealth).
    77 | D:1      | 77 ||| Stepping ~*~*~tactically~*~*~ (stealth).
    78 | D:1      | 78 ||| Stepping ~*~*~tactically~*~*~ (stealth).
    90 | D:1      | Reached XP level 2. HP: 18/19 MP: 2/2
   585 | D:1      | 585 ||| UPGRADING to scarf of repulsion.
   590 | D:1      | 590 ||| READING scroll labelled CICREUHE ETUCS.
   591 | D:1      | 591 ||| READING 2 scrolls labelled MEUT RYALOLAIH.
   595 | D:1      | 595 ||| READING scroll labelled QOITAGGOATO.
   677 | D:2      | Reached skill level 3 in Axes
   686 | D:2      | 686 ||| Stepping ~*~*~tactically~*~*~ (stealth).
   687 | D:2      | 687 ||| Stepping ~*~*~tactically~*~*~ (stealth).
   693 | D:2      | Reached XP level 3. HP: 20/23 MP: 3/3
   783 | D:2      | 783 ||| Stepping ~*~*~tactically~*~*~ (stealth).
   785 | D:2      | 785 ||| Stepping ~*~*~tactically~*~*~ (stealth).
   789 | D:2      | 789 ||| Stepping ~*~*~tactically~*~*~ (stealth).
   790 | D:2      | 790 ||| Stepping ~*~*~tactically~*~*~ (stealth).
   791 | D:2      | 791 ||| Stepping ~*~*~tactically~*~*~ (stealth).
   792 | D:2      | 792 ||| Stepping ~*~*~tactically~*~*~ (stealth).
   793 | D:2      | 793 ||| Stepping ~*~*~tactically~*~*~ (stealth).
   794 | D:2      | 794 ||| Stepping ~*~*~tactically~*~*~ (stealth).
   795 | D:2      | 795 ||| Stepping ~*~*~tactically~*~*~ (stealth).
  1125 | D:2      | 1125 ||| Stepping ~*~*~tactically~*~*~ (hiding).
  1130 | D:2      | 1130 ||| Stepping ~*~*~tactically~*~*~ (hiding).
  1467 | D:2      | 1467 ||| UPGRADING to +0 tower shield.
  1480 | D:2      | 1480 ||| DROPPING +0 buckler.
  1483 | D:2      | 1483 ||| UPGRADING to amulet of faith.
  1488 | D:2      | 1488 ||| UPGRADING to +5 ring of evasion.
  1489 | D:2      | 1489 ||| DRINKING 2 grey potions.
  1490 | D:2      | 1490 ||| READING 3 scrolls of identify.
  1490 | D:2      | 1490 ||| IDENTIFYING glowing cyan potion
  1491 | D:2      | 1491 ||| DROPPING potion of degeneration.
  1572 | D:3      | Found Bural's Weapon Shop.
  1578 | D:3      | 1578 ||| SHOPLISTING +3 morningstar of protection (239
                  | gold, have 52).
  1620 | D:3      | Found Faofekko's Jewellery Shoppe.
  1641 | D:3      | Reached XP level 4. HP: 28/28 MP: 4/4
  1643 | D:3      | 1643 ||| SHOPLISTING +4 ring of slaying (858 gold, have
                  | 63).
  1643 | D:3      | 1643 ||| SHOPLISTING amulet of Foolhardiness {RegenMP
                  | Regen+ SInv} (453 gold, have 63).
  1643 | D:3      | 1643 ||| SHOPLISTING amulet of reflection (330 gold, have
                  | 63).
  1643 | D:3      | 1643 ||| SHOPLISTING ring of Peace {rElec rF+ Int+3} (498
                  | gold, have 63).
  1643 | D:3      | 1643 ||| SHOPLISTING ring of protection from cold (275
                  | gold, have 63).
  1680 | D:3      | Found Ducepsac's Armour Emporium.
  1712 | D:3      | 1712 ||| BUYING +0 chain mail (54 gold).
  1712 | D:3      | Bought a +0 chain mail for 54 gold pieces
  1720 | D:3      | HP: 5/28 [orc/+2 heavy war axe (9)]
  1721 | D:3      | 1721 ||| READING 3 scrolls of teleportation.
  1721 | D:3      | Slain by an orc

Levels and vault maps discovered:
D:1:      lemuel_arrival_broad_hall, layout_loops_ring
D:2:      layout_basic
D:3:      layout_basic, serial_shops, shop_fountains, shop, shop, shop, shop,
          shapermc_ecumenical_altar_hornbeckon, minmay_quadrilaterals

Skill      XL: |  1  2 |
---------------+-------+-----
Axes           | 2 3 |  3.7
Fighting       | |  3.2
Armour         | |  3.2
Shields        | |  3.6

Action                     |  1- 3 |  4- 6 || total
---------------------------+-------+-------++-------
  Melee: War axe           |    76 |    15 ||    91
    Use: Scroll            |     4 |     1 ||     5
         Potion            |     1 |       ||     1
 Armour: Scale mail        |    27 |     4 ||    31
  Dodge: Dodged            |    23 |     9 ||    32
  Block: Buckler           |     9 |       ||     9
         Tower shield      |     6 |    13 ||    19

Table legend:
 A = Non-vault XP
 B = Vault XP
 C = Vault XP percentage of total XP
 D = Non-vault monster count
 E = Vault monster count
 F = Vault count percentage of total count
                 A         B        C        D         E       F
            +---------+---------+-------+---------+---------+-------
      Total |      94 |       0 |   0.0 |      40 |       0 |   0.0
            +---------+---------+-------+---------+---------+-------
        D:1 |      28 |       0 |   0.0 |      15 |       0 |   0.0
        D:2 |      50 |       0 |   0.0 |      17 |       0 |   0.0
        D:3 |      16 |       0 |   0.0 |       8 |       0 |   0.0
            +---------+---------+-------+---------+---------+-------
